TOP OF THE 1ST |
Spokane Indians batting - Pitching for Aberdeen Ironbirds : RHP Steve Webb
|
Pitching: RHP Steve Webb
|
|
Batting: LHB Jose Baez
|
0-0: Ball 1-0: Foul Ball, location: 2F 1-1: Foul Ball, location: 2F 1-2: Ball 2-2: Foul Ball, location: 2F 2-2: Hit by Pitch
|
Batting: RHB Andres Mendiola
|
0-0: Ball Jose Baez steals 2nd base 1-0: Called Strike 1-1: Ball 2-1: Ground out 5-3 (Groundball, 56, EV 96.2 MPH)
|
Batting: LHB Gabriel Graves
|
0-0: Foul Ball, location: 2F 0-1: Foul Ball, location: 2F 0-2: Strikes out looking
|
Batting: LHB Nick Foutz
|
0-0: Called Strike 0-1: Ball 1-1: Ball 2-1: 2-RUN HOME RUN (Line Drive, 89XD, EV 113.1 MPH), Distance : 446 ft
|
Batting: LHB Yat-sen Zhu
|
0-0: Called Strike 0-1: Ball 1-1: Fly out, F9 (Flyball, 9, EV 81.9 MPH)
|
Top of the 1st over - 2 runs, 1 hit, 0 errors, 0 left on base; Spokane 2 - Aberdeen 0 |
BOTTOM OF THE 1ST |
Aberdeen Ironbirds batting - Pitching for Spokane Indians : LHP Jamie Tanner
|
Pitching: LHP Jamie Tanner
|
|
Batting: RHB Josh Hopp
|
0-0: Foul Ball, location: 2F 0-1: Ball 1-1: Swinging Strike 1-2: Ball 2-2: Ground out 4-3 (Groundball, 4D, EV 99.4 MPH)
|
Batting: LHB Adam Oldfield
|
0-0: Called Strike 0-1: Called Strike 0-2: Strikes out swinging
|
Batting: RHB Matt O'Dea
|
0-0: Ball 1-0: Foul Ball, location: 2F 1-1: SINGLE (Line Drive, 6D, EV 101.2 MPH)
|
Batting: RHB Daniel Jackson
|
0-0: Ball 1-0: Swinging Strike 1-1: Ball 2-1: Foul Ball, location: 2F 2-2: Fielders Choice at 2nd, 5-4 (Groundball, 5, EV 99.4 MPH)
|
Bottom of the 1st over - 0 runs, 1 hit, 0 errors, 1 left on base; Spokane 2 - Aberdeen 0 |
TOP OF THE 2ND |
Spokane Indians batting - Pitching for Aberdeen Ironbirds : RHP Steve Webb
|
Batting: RHB Aaron Graham
|
0-0: Called Strike 0-1: Ball 1-1: Ball 2-1: Ball 3-1: Base on Balls
|
Batting: RHB Shoh Tanioka
|
0-0: Called Strike Aaron Graham steals 2nd base 0-1: Ball 1-1: Ball 2-1: Foul Ball, location: 2F 2-2: Foul Ball, location: 2F 2-2: Strikes out swinging
|
Batting: RHB Steve Haskins
|
0-0: Called Strike 0-1: Foul Ball, location: 2F 0-2: Ball 1-2: Ball 2-2: Strikes out swinging
|
Batting: LHB Caleb Domino
|
0-0: Called Strike 0-1: Swinging Strike 0-2: Foul Ball, location: 2F 0-2: Foul Ball, location: 2F 0-2: Ball 1-2: Foul Ball, location: 2F 1-2: Ball 2-2: Foul Ball, location: 2F 2-2: SINGLE (Groundball, 3D, EV 96.2 MPH) Aaron Graham to third Runner from 3rd tries for Home, SAFE, throw by RF to home
|
Batting: LHB Jose Baez
|
0-0: Ball Pickoff Throw to First - Error! E1 Caleb Domino to second 1-0: Ball 2-0: Called Strike 2-1: Ball 3-1: Swinging Strike 3-2: Strikes out looking
|
Top of the 2nd over - 1 run, 1 hit, 1 error, 1 left on base; Spokane 3 - Aberdeen 0 |
BOTTOM OF THE 2ND |
Aberdeen Ironbirds batting - Pitching for Spokane Indians : LHP Jamie Tanner
|
Batting: RHB Wes Reynolds
|
0-0: Foul Ball, location: 2F 0-1: Swinging Strike 0-2: Foul Ball, location: 2F 0-2: Ball 1-2: Strikes out swinging
|
Batting: RHB Mike Zepeda
|
0-0: Called Strike 0-1: Ball 1-1: Ball 2-1: Swinging Strike 2-2: Ball 3-2: Fly out, F7 (Flyball, 7, EV 91.9 MPH)
|
Batting: LHB Ralph Braine
|
0-0: Swinging Strike 0-1: Ball 1-1: Ball 2-1: Fly out, F8 (Flyball, 8RD, EV 89.4 MPH)
|
Bottom of the 2nd over - 0 runs, 0 hits, 0 errors, 0 left on base; Spokane 3 - Aberdeen 0 |
TOP OF THE 3RD |
Spokane Indians batting - Pitching for Aberdeen Ironbirds : RHP Steve Webb
|
Batting: RHB Andres Mendiola
|
0-0: Ball 1-0: Ball 2-0: Called Strike 2-1: Foul Ball, location: 2F 2-2: Ground out 5-3 (Groundball, 56S, EV 84.4 MPH)
|
Batting: LHB Gabriel Graves
|
0-0: Called Strike 0-1: Foul Ball, location: 2F 0-2: Foul Ball, location: 2F 0-2: Ball 1-2: Strikes out swinging
|
Batting: LHB Nick Foutz
|
0-0: Called Strike 0-1: Called Strike 0-2: Ball 1-2: Strikes out swinging
|
Top of the 3rd over - 0 runs, 0 hits, 0 errors, 0 left on base; Spokane 3 - Aberdeen 0 |
BOTTOM OF THE 3RD |
Aberdeen Ironbirds batting - Pitching for Spokane Indians : LHP Jamie Tanner
|
Batting: RHB Marquis Major
|
0-0: Ball 1-0: Foul Ball, location: 2F 1-1: Foul Ball, location: 2F 1-2: Ground out U3 (Groundball, 3, EV 84.4 MPH)
|
Batting: RHB Matt Berrier
|
0-0: Foul Ball, location: 2F 0-1: Foul Ball, location: 2F 0-2: Ball 1-2: Ball 2-2: Foul Ball, location: 2F 2-2: Strikes out swinging
|
Batting: RHB Josh Hopp
|
0-0: Ball 1-0: Foul Ball, location: 2F 1-1: Ball 2-1: Fly out, F8 (Line Drive, 89D, EV 93.8 MPH)
|
Bottom of the 3rd over - 0 runs, 0 hits, 0 errors, 0 left on base; Spokane 3 - Aberdeen 0 |
TOP OF THE 4TH |
Spokane Indians batting - Pitching for Aberdeen Ironbirds : RHP Steve Webb
|
Batting: LHB Yat-sen Zhu
|
0-0: Called Strike 0-1: Foul Ball, location: 2F 0-2: SINGLE (Line Drive, 89S, EV 88.8 MPH)
|
Batting: RHB Aaron Graham
|
0-0: Ball 1-0: SINGLE (Groundball, 34, EV 107.5 MPH) Yat-sen Zhu to second Runner from 2nd tries for 3rd, OUT! 9-5
|
Batting: RHB Shoh Tanioka
|
0-0: Ball Aaron Graham steals 2nd base 1-0: Called Strike 1-1: Ball 2-1: SINGLE (Groundball, 6S, EV 98.8 MPH) Aaron Graham to third Runner from 3rd tries for Home, throw by LF and OUT! 7-2
|
Batting: RHB Steve Haskins
|
0-0: DOUBLE (Line Drive, 7LM, EV 96.2 MPH) Shoh Tanioka to third
|
Batting: LHB Caleb Domino
|
0-0: Called Strike 0-1: Foul Ball, location: 2F 0-2: Ball 1-2: Strikes out swinging
|
Top of the 4th over - 0 runs, 4 hits, 0 errors, 2 left on base; Spokane 3 - Aberdeen 0 |
BOTTOM OF THE 4TH |
Aberdeen Ironbirds batting - Pitching for Spokane Indians : LHP Jamie Tanner
|
Now at 2B: Darnell Jones
|
|
Batting: LHB Adam Oldfield
|
0-0: Foul Ball, location: 2F 0-1: Foul Ball, location: 2F 0-2: Ball 1-2: Fly out, F7 (Flyball, 7, EV 97.5 MPH)
|
Batting: RHB Matt O'Dea
|
0-0: Called Strike 0-1: Ball 1-1: Ball 2-1: Ball 3-1: Base on Balls
|
Batting: RHB Daniel Jackson
|
0-0: Ball 1-0: Grounds into double play, 4-6-3 (Groundball, 4, EV 102.5 MPH)
|
Bottom of the 4th over - 0 runs, 0 hits, 0 errors, 0 left on base; Spokane 3 - Aberdeen 0 |
TOP OF THE 5TH |
Spokane Indians batting - Pitching for Aberdeen Ironbirds : RHP Steve Webb
|
Batting: LHB Jose Baez
|
0-0: Called Strike 0-1: Ball 1-1: Swinging Strike 1-2: Ball 2-2: Strikes out swinging
|
Batting: RHB Andres Mendiola
|
0-0: Foul Ball, location: 2F 0-1: Ball 1-1: Called Strike 1-2: Strikes out swinging
|
Batting: LHB Gabriel Graves
|
0-0: SINGLE (Groundball, 34, EV 96.2 MPH)
|
Batting: LHB Nick Foutz
|
0-0: Called Strike Gabriel Graves steals 2nd, throwing error, E2 Gabriel Graves to third 0-1: Foul Ball, location: 2F 0-2: Strikes out looking
|
Top of the 5th over - 0 runs, 1 hit, 1 error, 1 left on base; Spokane 3 - Aberdeen 0 |
BOTTOM OF THE 5TH |
Aberdeen Ironbirds batting - Pitching for Spokane Indians : LHP Jamie Tanner
|
Batting: RHB Wes Reynolds
|
0-0: Ball 1-0: Called Strike 1-1: Ball 2-1: Foul Ball, location: 2F 2-2: Ball 3-2: Ground out 6-3 (Groundball, 6, EV 101.9 MPH)
|
Batting: RHB Mike Zepeda
|
0-0: Ball 1-0: Swinging Strike 1-1: Ball 2-1: SINGLE (Groundball, 6MD, EV 102.5 MPH)
|
Batting: LHB Ralph Braine
|
0-0: Called Strike 0-1: Called Strike Mike Zepeda is caught stealing 2nd base 2-6 0-2: Strikes out swinging
|
Bottom of the 5th over - 0 runs, 1 hit, 0 errors, 0 left on base; Spokane 3 - Aberdeen 0 |
TOP OF THE 6TH |
Spokane Indians batting - Pitching for Aberdeen Ironbirds : RHP Steve Webb
|
Pitching: RHP Ryan Kotter
|
|
Batting: LHB Yat-sen Zhu
|
0-0: Ball 1-0: Ground out U3 (Groundball, 3, EV 88.8 MPH)
|
Batting: RHB Darnell Jones
|
0-0: Foul Ball, location: 2F 0-1: Called Strike 0-2: Hit by Pitch
|
Batting: RHB Shoh Tanioka
|
0-0: Ball 1-0: Ball 2-0: Called Strike 2-1: Swinging Strike 2-2: SINGLE (Line Drive, 6MD, EV 94.4 MPH) Darnell Jones to second Throwing error, E8 Darnell Jones scores Shoh Tanioka to second
|
Batting: RHB Steve Haskins
|
0-0: Called Strike 0-1: Called Strike 0-2: Strikes out looking
|
Batting: LHB Caleb Domino
|
0-0: Intentional Walk
|
Batting: LHB Jose Baez
|
0-0: Ball 1-0: Swinging Strike 1-1: Ground out U3 (Groundball, 34, EV 101.9 MPH)
|
Top of the 6th over - 1 run, 1 hit, 1 error, 2 left on base; Spokane 4 - Aberdeen 0 |
BOTTOM OF THE 6TH |
Aberdeen Ironbirds batting - Pitching for Spokane Indians : LHP Jamie Tanner
|
Batting: RHB Marquis Major
|
0-0: Ball 1-0: Called Strike 1-1: Ball 2-1: Ground out 6-3 (Groundball, 6, EV 83.1 MPH)
|
Batting: RHB Matt Berrier
|
0-0: Ball 1-0: Called Strike 1-1: Ball 2-1: Foul Ball, location: 2F 2-2: Fly out, F7 (Flyball, 78S, EV 91.9 MPH)
|
Batting: RHB Josh Hopp
|
0-0: Called Strike 0-1: Foul Ball, location: 2F 0-2: Ball 1-2: Fly out, F8 (Flyball, 8LM, EV 87.5 MPH)
|
Bottom of the 6th over - 0 runs, 0 hits, 0 errors, 0 left on base; Spokane 4 - Aberdeen 0 |
TOP OF THE 7TH |
Spokane Indians batting - Pitching for Aberdeen Ironbirds : RHP Ryan Kotter
|
Batting: RHB Andres Mendiola
|
0-0: Ball 1-0: Called Strike 1-1: Swinging Strike 1-2: Ground out 5-3 (Groundball, 56, EV 98.1 MPH)
|
Batting: LHB Gabriel Graves
|
0-0: Ball 1-0: Called Strike 1-1: Called Strike 1-2: Strikes out swinging
|
Batting: LHB Nick Foutz
|
0-0: Ball 1-0: Called Strike 1-1: Ground out U3 (Groundball, 3, EV 86.2 MPH)
|
Top of the 7th over - 0 runs, 0 hits, 0 errors, 0 left on base; Spokane 4 - Aberdeen 0 |
BOTTOM OF THE 7TH |
Aberdeen Ironbirds batting - Pitching for Spokane Indians : LHP Jamie Tanner
|
Now at 2B: Zach Thomason
|
|
Now at SS: Darnell Jones
|
|
Now in LF: Caleb Domino
|
|
Now in CF: Walter Vegter
|
|
Batting: RHB Mike Pitts
|
0-0: Swinging Strike 0-1: Ball 1-1: Swinging Strike 1-2: Fly out, F9 (Line Drive, 9, EV 95.0 MPH)
|
Batting: RHB Matt O'Dea
|
0-0: Ball 1-0: Called Strike 1-1: Ground out 3-1 (Groundball, 13, EV 83.8 MPH)
|
Batting: RHB Daniel Jackson
|
0-0: Ball 1-0: Ground out 6-3 (Groundball, 56D, EV 86.9 MPH)
|
Bottom of the 7th over - 0 runs, 0 hits, 0 errors, 0 left on base; Spokane 4 - Aberdeen 0 |
TOP OF THE 8TH |
Spokane Indians batting - Pitching for Aberdeen Ironbirds : RHP Ryan Kotter
|
Batting: LHB Yat-sen Zhu
|
0-0: Called Strike 0-1: Called Strike 0-2: Strikes out swinging
|
Batting: RHB Darnell Jones
|
0-0: Ball 1-0: Called Strike 1-1: Foul Ball, location: 2F 1-2: SINGLE (Line Drive, 34, EV 101.9 MPH)
|
Batting: RHB Shoh Tanioka
|
0-0: Swinging Strike 0-1: Ball 1-1: Swinging Strike 1-2: Hit by Pitch Darnell Jones to second
|
Batting: RHB Steve Haskins
|
0-0: Ball 1-0: Called Strike Darnell Jones steals 3rd base 1-1: Grounds into double play, 6-4-3 (Groundball, 6, EV 100.0 MPH)
|
Top of the 8th over - 0 runs, 1 hit, 0 errors, 1 left on base; Spokane 4 - Aberdeen 0 |
BOTTOM OF THE 8TH |
Aberdeen Ironbirds batting - Pitching for Spokane Indians : LHP Jamie Tanner
|
Now at 1B: Herb Craig
|
|
Batting: RHB Wes Reynolds
|
0-0: Called Strike 0-1: Foul Ball, location: 2F 0-2: Ball 1-2: Ball 2-2: Reached on error, E5 (Groundball, 56, EV 85.6 MPH)
|
Batting: RHB Mike Zepeda
|
0-0: Foul Ball, location: 2F 0-1: Called Strike 0-2: Ball 1-2: Foul Ball, location: 2F 1-2: Ball 2-2: Ball 3-2: Strikes out looking
|
Pinch Hitting: RHB Ethan Finke
|
0-0: Called Strike 0-1: Swinging Strike 0-2: Ball 1-2: DOUBLE (Line Drive, 7LD, EV 105.0 MPH) Wes Reynolds to third Runner from 3rd tries for Home, SAFE, throw by LF to trailing runner, SAFE at third!
|
Pitching: RHP Chad Steffee
|
|
Batting: RHB Marquis Major
|
0-0: Ball 1-0: Swinging Strike 1-1: Foul Ball, location: 2F 1-2: Strikes out swinging
|
Pinch Hitting: LHB Keith Long
|
0-0: Ball Wild Pitch! Ethan Finke scores 1-0: Ball 2-0: Ball 3-0: Called Strike 3-1: Swinging Strike 3-2: DOUBLE (Groundball, 5L, EV 101.2 MPH)
|
Batting: RHB Josh Hopp
|
0-0: Ball 1-0: Ground out 1-3 (Groundball, 13S, EV 63.1 MPH)
|
Bottom of the 8th over - 2 runs, 2 hits, 1 error, 1 left on base; Spokane 4 - Aberdeen 2 |
TOP OF THE 9TH |
Spokane Indians batting - Pitching for Aberdeen Ironbirds : RHP Ryan Kotter
|
Now at SS: Ethan Finke
|
|
Now in CF: Tony Godley
|
|
Batting: LHB Caleb Domino
|
0-0: Called Strike 0-1: Ball 1-1: Ball 2-1: Ball 3-1: Foul Ball, location: 2F 3-2: Foul Ball, location: 2F 3-2: Ground out 4-3 (Groundball, 4, EV 82.5 MPH)
|
Batting: LHB Jose Baez
|
0-0: Called Strike 0-1: Foul Ball, location: 2F 0-2: Ball 1-2: Foul Ball, location: 2F 1-2: Strikes out swinging
|
Pitching: RHP Jon Grason
|
|
Batting: RHB Zach Thomason
|
0-0: Ball 1-0: Ball 2-0: Ball 3-0: Fly out, F8 (Flyball, 89M, EV 92.5 MPH)
|
Top of the 9th over - 0 runs, 0 hits, 0 errors, 0 left on base; Spokane 4 - Aberdeen 2 |
BOTTOM OF THE 9TH |
Aberdeen Ironbirds batting - Pitching for Spokane Indians : RHP Chad Steffee
|
Pitching: RHP Aaron McKinney
|
|
Batting: RHB Mike Pitts
|
0-0: SINGLE (Groundball, 23, EV 66.9 MPH) (infield hit)
|
Batting: RHB Matt O'Dea
|
0-0: Ball 1-0: SINGLE (Groundball, 6MD, EV 99.4 MPH) Mike Pitts to second
|
Batting: RHB Daniel Jackson
|
0-0: Ball 1-0: Called Strike 1-1: Ball 2-1: Called Strike 2-2: Strikes out swinging
|
Batting: RHB Wes Reynolds
|
0-0: DOUBLE (Line Drive, 78D, EV 112.5 MPH) Mike Pitts scores Matt O'Dea to third
|
Batting: RHB Mike Zepeda
|
0-0: Foul Ball, location: 2F 0-1: DOUBLE (Line Drive, 78M, EV 93.8 MPH) Matt O'Dea scores Wes Reynolds scores
|
Bottom of the 9th over - 3 runs, 4 hits, 0 errors, 1 left on base; Spokane 4 - Aberdeen 5 |
|